 Dungeon Crawl Stone Soup version 0.23.2-40-g277498a001 (webtiles) character file.

Game seed: 1204694721816761421

14578 gohu56 the Cleaver (level 11, 0/97 (101) HPs)
             Began as a Minotaur Fighter on Sept 21, 2019.
             Was a Priest of Okawaru.
             Slain by a phantasmal warrior (12 damage)
             ... led by a death knight
             ... on level 11 of the Dungeon.
             The game lasted 00:35:04 (9393 turns).

gohu56 the Cleaver (Minotaur Fighter)               Turns: 9393, Time: 00:35:05

HP:   0/97 (101)    AC: 18    Str: 22    XL:     11   Next: 90%
MP:   10/10         EV:  7    Int:  5    God:    Okawaru [***...]
Gold: 677           SH:  9    Dex: 12    Spells: 10/10 levels left

rFire    + + .     SeeInvis .   C - +3 war axe (chop)
rCold    . . .     Gourm    .   L - +3 buckler of Divine Intervention {*Drain +Inv rF+++ rC-}
rNeg     + + .     Faith    .   y - +0 plate armour
rPois    +         Spirit   .   (helmet restricted)
rElec    .         Reflect  .   B - scarf {repulsion}
rCorr    .         Harm     .   a - +2 pair of gloves of Resonance {*Slow rPois rN++}
MR       .....                  (no boots)
Stlth    ..........             e - amulet of regeneration
HPRegen  0.66/turn              q - ring of ice
MPRegen  0.12/turn              x - ring of poison resistance

@: vulnerable, repel missiles
A: retaliatory headbutt, horns 2
a: Heroism, Renounce Religion, Evoke Invisibility


You were on level 11 of the Dungeon.
You worshipped Okawaru.
Okawaru was most pleased with you.
You were not hungry.

You visited 2 branches of the dungeon, and saw 12 of its levels.
You also visited: Sewer.

You collected 677 gold pieces.

Inventory:

Hand Weapons
 b - the cursed +1 falchion of Fedhas's Displeasure {vamp, rElec Str+4}
   (You found it on level 4 of the Dungeon)

   It inflicts no extra harm, but heals its wielder when it wounds a living foe.
   It affects your strength (+4).
   It insulates you from electricity.
   It has a curse placed upon it.
 C - a +3 war axe of chopping (weapon)
 M - a +6 antimagic eveningstar
 N - the +1 rapier of Invincibility {flame, rElec rF+}
   (You found it on level 8 of the Dungeon)

   It has been specially enchanted to burn those struck by it, causing extra
   injury to most foes and up to half again as much damage against particularly
   susceptible opponents.
   It protects you from fire.
   It insulates you from electricity.
 W - a +1 vampiric scimitar
Missiles
 P - 3 throwing nets (quivered)
Armour
 a - the +2 pair of gloves of Resonance (worn) {*Slow rPois rN++}
   (You found it on level 5 of the Dungeon)

   It protects you from poison.
   It greatly protects you from negative energy.
   It may slow you when you take damage.
 i - a +1 shield of fire resistance
 y - a +0 plate armour (worn)
 B - a scarf of repulsion (worn)
 L - the +3 buckler of Divine Intervention (worn) {*Drain +Inv rF+++ rC-}
   (You found it on level 8 of the Dungeon)

   It renders you almost immune to fire.
   It makes you vulnerable to cold.
   It lets you turn invisible.
   It causes draining when unequipped.
Jewellery
 e - an amulet of regeneration (around neck)
 q - a ring of ice (left hand)
 x - a ring of poison resistance (right hand)
 F - an uncursed ring of magical power
 I - an uncursed ring of fire
 K - an uncursed amulet of rage
Wands
 c - a wand of digging (5)
 D - a wand of polymorph (7)
 J - a wand of disintegration (17)
 R - a wand of random effects (12)
Scrolls
 d - 4 scrolls of blinking {unknown}
 h - 4 scrolls of teleportation
 j - 3 scrolls of fog
 m - 8 scrolls of identify
 o - a scroll of enchant weapon
 p - 4 scrolls of amnesia
 s - a scroll of random uselessness
 t - 3 scrolls of enchant armour
 u - a scroll of remove curse
 E - a scroll of fear {unknown}
 O - a scroll of immolation {unknown}
 T - 2 scrolls of magic mapping
 V - a scroll of holy word {unknown}
Potions
 g - 3 potions of lignification {unknown}
 k - a potion of mutation {unknown}
 l - 4 potions of heal wounds {unknown}
 n - a potion of haste {unknown}
 r - 4 potions of agility {unknown}
 v - 2 potions of resistance {unknown}
 w - 2 potions of degeneration {unknown}
 z - 4 potions of curing {unknown}
 A - 2 potions of brilliance {unknown}
 G - a potion of magic {unknown}
 H - a potion of ambrosia {unknown}
 Q - 2 potions of flight {unknown}
 S - a potion of cancellation {unknown}
Comestibles
 f - 21 rations
 U - 13 chunks of flesh


   Skills:
 + Level 10.7 Fighting
 - Level 14.8 Axes
 + Level 11.3 Armour
 - Level 0.7 Stealth
 + Level 9.8 Shields
 - Level 0.1 Evocations


You had 10 spell levels left.
You didn't know any spells.
Your spell library contained the following spells:

 Spells                   Type           Power        Failure   Level  Hunger
 Summon Small Mammal      Summ           #...         100%        1    ##.....
 Call Imp                 Summ           #.......     100%        2    ###....
 Call Canine Familiar     Summ           #.......     100%        3    ####...
 Summon Guardian Golem    Hex/Summ       #.......     100%        3    ####...
 Summon Ice Beast         Ice/Summ       #.......     100%        4    #####..
 Summon Lightning Spire   Summ/Air       #.......     100%        4    #####..


Dungeon Overview and Level Annotations

Branches:
Dungeon (11/15)            Temple (1/1) D:6
   Lair: D:8-11         Orc: D:9-12

Altars:
Ashenzari
Cheibriados
Dithmenos
Elyvilon
Fedhas
Gozag
Hepliaklqana
Kikubaaqudgha
Makhleb
Nemelex Xobeh
Okawaru
Qazlal
Ru
Sif Muna
Trog
Uskayaw
Vehumet
Wu Jian
Xom
Yredelemnul
Zin
The Shining One

Shops:
D:8 }


Innate Abilities, Weirdness & Mutations

You reflexively headbutt those who attack you in melee.
You have a pair of horns on your head.


Message History

Your plate armour prevents you from hitting the phantasmal warrior.
Your headbutt misses the phantasmal warrior.
The phantasmal warrior is heavily damaged.
You hit the freezing wraith.
You block the phantasmal warrior's attack.
You hit the phantasmal warrior.
The phantasmal warrior is severely damaged.
Your plate armour prevents you from hitting the freezing wraith.
You block the freezing wraith's attack.
The freezing wraith hits you but does no damage.
You slash the phantasmal warrior!
The phantasmal warrior is almost destroyed.
Your plate armour prevents you from hitting the freezing wraith.
The phantasmal warrior hits you!!
* * * LOW HITPOINT WARNING * * *
The freezing wraith hits you but does no damage. x2
You closely miss the phantasmal warrior.
The phantasmal warrior is almost destroyed.
You closely miss the freezing wraith. The phantasmal warrior hits you!
You die...

#....... ##...##
#...# #......
#.....## #...#
#....p#
##..>...####...#
#.....#
#.........#....#
#..))#
##....##........#
##..)##
#....####........
##...### ##...##
##..####.
#...))#####...##
#.## ##
#.####p...#@.##
#..# #.#
#####WW## ....#
## #### .###.# #
###


You could see a phantasmal warrior and a freezing wraith.

Vanquished Creatures
  Harold (D:8)
  A catoblepas (D:11)
  A death knight (D:11)
  2 two-headed ogres
  An unseen horror (D:10)
  Pikel (D:4)
  2 cyclopes (D:11)
  A gargoyle (D:8)
  A tyrant leech (D:8)
  A troll (D:9)
  A hippogriff (D:11)
  Prince Ribbit (D:8)
  A spriggan (D:8)
  A wraith (D:11)
  A wyvern (D:8)
  8 yaks (D:11)
  Eustachio (D:4)
  The ghost of Alannah the Chucker, an amateur DsGl (D:6)
  Menkaure (D:7)
  A steam dragon (D:11)
  2 porcupines (D:11)
  5 ice beasts (D:8)
  A slave (D:4)
  7 orc warriors
  4 sky beasts
  A phantom (D:11)
  A black bear (D:8)
  6 ogres
  2 centaurs
  Blork the orc (D:4)
  11 bullfrogs
  4 gnoll sergeants
  2 wyvern zombies
  7 scorpions
  A water moccasin skeleton (D:8)
  6 killer bees (D:8)
  6 wights
  2 bullfrog zombies
  2 crimson imps
  7 hounds
  10 orc priests
  3 jellies
  A gnoll shaman (D:10)
  A centaur skeleton (D:8)
  3 iguanas
  14 orc wizards
  7 worker ants
  2 hound zombies (D:8)
  A howler monkey zombie (D:6)
  23 gnolls
  5 adders
  5 river rats
  3 shadow imps
  An ooze (D:3)
  2 adder skeletons (D:8)
  An adder zombie (D:8)
  3 worms
  4 dart slugs
  4 leopard geckos
  33 orcs
  4 ball pythons
  7 bats
  6 giant cockroaches
  7 goblins
  10 hobgoblins
  12 jackals
  4 kobolds
  7 quokkas
  10 frilled lizards
  A jackal zombie (D:8)
  12 rats
313 creatures vanquished.

Vanquished Creatures (others)
  5 fungi (D:11)
  2 plants (D:11)
7 creatures vanquished.

Grand Total: 320 creatures vanquished

Notes
Turn   | Place    | Note
-------+----------+-------------------------------------------
     0 | D:1      | gohu56 the Minotaur Fighter began the quest for the Orb.
     0 | D:1      | Reached XP level 1. HP: 19/19 MP: 0/0
   187 | D:1      | Reached XP level 2. HP: 27/27 MP: 1/1
   211 | D:1      | Reached skill level 3 in Axes
   445 | D:1      | Found a glowing golden altar of the Shining One.
   721 | D:2      | Reached XP level 3. HP: 33/33 MP: 2/2
  1286 | D:3      | Reached skill level 4 in Axes
  1293 | D:3      | Reached XP level 4. HP: 19/40 MP: 3/3
  1563 | D:3      | Found a hazy altar of Hepliaklqana.
  1589 | D:3      | Reached skill level 5 in Axes
  1847 | D:3      | Reached XP level 5. HP: 46/46 MP: 4/4
  2229 | D:4      | Reached skill level 6 in Axes
  2272 | D:4      | Noticed Blork the orc
  2284 | D:4      | Killed Blork the orc
  2284 | D:4      | Reached XP level 6. HP: 40/52 MP: 5/5
  2304 | D:4      | Noticed Eustachio
  2330 | D:4      | Noticed a sky beast
  2332 | D:4      | Killed a sky beast
  2332 | D:4      | Reached skill level 7 in Axes
  2349 | D:4      | Killed Eustachio
  2494 | D:4      | Reached XP level 7. HP: 59/59 MP: 6/6
  2513 | D:4      | Noticed Pikel
  2526 | D:4      | Killed Pikel
  2526 | D:4      | Reached skill level 9 in Axes
  2526 | D:4      | Reached skill level 5 in Armour
  2553 | D:4      | Got an ancient falchion
  2721 | D:4      | Identified the cursed +1 falchion of Fedhas's Displeasure
                  | {vamp, rElec Str+4} (You found it on level 4 of the
                  | Dungeon)
  2802 | D:5      | Entered Level 5 of the Dungeon
  2827 | D:5      | Reached XP level 8. HP: 66/67 MP: 7/7
  2857 | D:5      | Reached skill level 10 in Axes
  3142 | D:5      | Got a pair of bloodstained gloves
  3156 | D:5      | Identified the +2 pair of gloves of Resonance {*Slow rPois
                  | rN++} (You found it on level 5 of the Dungeon)
  3170 | D:5      | Reached skill level 5 in Fighting
  3182 | D:5      | Found a burning altar of Makhleb.
  3531 | D:6      | Found a runed translucent door.
  3533 | D:6      | Noticed Alannah's ghost (amateur DsGl)
  3542 | D:6      | Reached skill level 5 in Shields
  3555 | D:6      | Killed Alannah's ghost
  3555 | D:6      | Reached skill level 11 in Axes
  3564 | D:6      | Found a runed translucent door.
  3692 | D:6      | Found a glowing drain.
  3711 | Sewer    | Entered a sewer
  4190 | D:6      | Found a staircase to the Ecumenical Temple.
  4196 | Temple   | Entered the Ecumenical Temple
  4397 | D:6      | Reached XP level 9. HP: 74/74 MP: 8/8
  4527 | D:6      | Found a bloodstained altar of Trog.
  5012 | D:7      | Reached skill level 12 in Axes
  5389 | D:7      | Noticed Menkaure
  5411 | D:7      | Killed Menkaure
  5511 | D:8      | Noticed Prince Ribbit
  5514 | D:8      | Killed Prince Ribbit
  5520 | D:8      | Found a white marble altar of Elyvilon.
  5557 | D:8      | Found Lutsoref's Gadget Shop.
  5687 | D:9      | Reached skill level 13 in Axes
  5808 | D:8      | Reached XP level 10. HP: 75/83 MP: 9/9
  5990 | D:8      | Reached skill level 14 in Axes
  6044 | D:8      | Noticed a gargoyle
  6044 | D:8      | Noticed a two-headed ogre
  6273 | D:6      | Became a worshipper of Trog the Wrathful
  6462 | D:8      | Killed a gargoyle
  6501 | D:8      | Found a basalt altar of Yredelemnul.
  6552 | D:8      | Noticed an eight-headed hydra
  6698 | D:8      | Killed a two-headed ogre
  6761 | D:8      | Found a radiant altar of Vehumet.
  6938 | D:8      | Got a dazzling buckler
  6944 | D:8      | Got a translucent rapier
  6959 | D:8      | Identified the +3 buckler of Divine Intervention {*Drain
                  | +Inv rF+++ rC-} (You found it on level 8 of the Dungeon)
  6959 | D:8      | Identified the cursed +1 rapier of Invincibility {flame,
                  | rElec rF+} (You found it on level 8 of the Dungeon)
  7082 | D:8      | You fall through a shaft!
  7303 | D:8      | Noticed Harold
  7318 | D:8      | Killed Harold
  7348 | D:8      | an eight-headed hydra changed into a tyrant leech
  7439 | D:9      | Reached * piety under Trog
  7510 | D:9      | Reached XP level 11. HP: 82/93 MP: 10/10
  7671 | D:9      | Found an iron altar of Okawaru.
  7676 | D:9      | Fell from the grace of Trog
  7676 | D:9      | Became a worshipper of Warmaster Okawaru
  8035 | D:9      | Noticed a two-headed ogre
  8052 | D:9      | Killed a two-headed ogre
  8232 | D:10     | Entered Level 10 of the Dungeon
  8337 | D:10     | Reached * piety under Okawaru
  8486 | D:10     | Killed an unseen horror
  8486 | D:10     | Reached skill level 10 in Armour
  8960 | D:11     | Reached ** piety under Okawaru
  9058 | D:11     | Noticed a catoblepas
  9100 | D:11     | Killed a catoblepas
  9125 | D:11     | Reached skill level 10 in Fighting
  9230 | D:11     | Reached *** piety under Okawaru
  9351 | D:11     | Noticed a death knight
  9356 | D:11     | Noticed a phantasmal warrior
  9374 | D:11     | Killed a death knight
  9379 | D:11     | Noticed a phantasmal warrior
  9393 | D:11     | Slain by a phantasmal warrior

Skill      XL: |  1  2  3  4  5  6  7  8  9 10 11 |
---------------+----------------------------------+-----
Armour         | 4 5 6 7 9 11 | 11.3
Axes           | 3 4 5 6 7 9 11 13 14 | 14.8
Shields        | 4 5 6 8 9 |  9.8
Fighting       | 4 5 7 10 | 10.7
Stealth        | |  0.7
Evocations     | |  0.1

Action                   |  1- 3 |  4- 6 |  7- 9 | 10-12 || total
-------------------------+-------+-------+-------+-------++-------
Melee: War axe           |    83 |    91 |   312 |   466 ||   952
       Headbutt          |    19 |    13 |    37 |    87 ||   156
       Rapier            |       |       |       |     9 ||     9
Invok: Heroism           |       |       |       |     1 ||     1
Evoke: Wand              |       |       |       |     3 ||     3
  Use: Potion            |       |     1 |       |     1 ||     2
       Scroll            |       |       |     9 |     3 ||    12
  Eat: Chunk             |     1 |     4 |    11 |    12 ||    28
Armor: Scale mail        |    51 |     4 |       |       ||    55
       Plate armour      |       |    48 |   127 |   207 ||   382
Dodge: Dodged            |    28 |    16 |    26 |    80 ||   150
       Deflected         |       |       |       |    10 ||    10
Block: Shield            |    40 |    29 |   126 |    66 ||   261
       Buckler           |       |       |       |   103 ||   103
